 Dungeon Crawl Stone Soup version 0.20.0-9-g8272e65 (webtiles) character file.

8179 Kosschaser the Severer (level 11, -14/150 HPs)
             Began as a Hill Orc Berserker on June 3, 2017.
             Was a High Priest of Trog.
             Demolished by a small abomination (18 damage)
             ... on level 7 of the Dungeon.
             The game lasted 00:38:54 (10732 turns).

Kosschaser the Severer (Hill Orc Berserker)        Turns: 10732, Time: 00:38:55

Health: -14/150    AC:  5    Str: 29    XL:     11   Next: 26%
Magic:  0/11       EV: 13    Int:  7    God:    Trog [*****.]
Gold:   342        SH:  0    Dex: 10    Spells: 10/10 levels left

rFire    . . .     SeeInvis +   N - +2 battleaxe (elec)
rCold    . . .     Gourm    .   (shield currently unavailable)
rNeg     . . .     Faith    .   B - +0 troll leather armour
rPois    .         Spirit   +   (no helmet)
rElec    .         Reflect  .   (no cloak)
rCorr    +         Harm     .   (no gloves)
MR       ++...                  (no boots)
Stlth    ..........             q - amulet of guardian spirit
Regen    1.8/turn               s - ring of resist corrosion
MPRegen  0.2/turn               O - ring of see invisible

@: berserking, lethally poisoned (-14 -> -30), starving, regenerating, very
quick
A: no striking features
a: Berserk, Trog's Hand, Brothers in Arms, Burn Spellbooks, Renounce Religion


You were on level 7 of the Dungeon.
You worshipped Trog.
Trog was extremely pleased with you.
You were starving.

You visited 1 branch of the dungeon, and saw 8 of its levels.
You also visited: Sewer and Ossuary.

You collected 342 gold pieces.

Inventory:

Hand Weapons
 A - a +0 war axe
 N - a +2 battleaxe of electrocution (weapon)
Armour
 r - a +0 robe of resistance
 B - a +0 troll leather armour (worn)
 C - the +0 chain mail of Saroug {rElec MR+ MP+9 Stlth-}
   (You found it on level 5 of the Dungeon)

   It insulates you from electricity.
   It affects your resistance to hostile enchantments.
   It affects your magic capacity (+9).
   It makes you less stealthy.
Jewellery
 q - an amulet of guardian spirit (around neck)
 s - a ring of resist corrosion (left hand)
 O - a ring of see invisible (right hand)
Wands
 b - a wand of polymorph (4/24)
 i - a wand of flame (20/48)
 m - a wand of digging (8/24)
 p - a wand of random effects (19/48)
 y - a wand of digging (13/24)
 I - a wand of acid (5/15)
 K - a wand of disintegration (12/24)
 M - a wand of polymorph (9/24)
Scrolls
 d - 5 scrolls of fear
 f - 8 scrolls of teleportation
 l - 4 scrolls of fog
 o - 4 scrolls of remove curse
 t - 2 scrolls of blinking
 u - 3 scrolls of recharging
 v - a scroll of enchant weapon
 D - a scroll of holy word
 L - a scroll of vulnerability {unknown}
Potions
 e - a potion of cancellation
 g - a potion of ambrosia {unknown}
 h - 3 potions of brilliance {unknown}
 j - 3 potions of flight {unknown}
 k - 3 potions of curing
 w - 3 potions of lignification {unknown}
 x - 5 potions of heal wounds {unknown}
 z - a potion of degeneration {unknown}
 E - a potion of invisibility
 F - 3 potions of agility {unknown}
 G - a potion of magic {unknown}
 H - a potion of might {unknown}
 J - a potion of mutation {unknown}
Comestibles
 a - 2 royal jellies
 c - 6 bread rations
 n - 5 fruits


   Skills:
 + Level 10.2 Fighting
 + Level 15.6 Axes
 + Level 8.2 Armour
 + Level 4.4 Dodging


You had 10 spell levels left.
You didn't know any spells.

Dungeon Overview and Level Annotations

Branches:
Dungeon (8/15)             Temple (0/1) D:6
   Lair: D:8-11

Altars:
Ashenzari
Dithmenos
Elyvilon
Fedhas
Hepliaklqana
Kikubaaqudgha
Makhleb
Nemelex Xobeh
Okawaru
Qazlal
Ru
Xom
Lugonu

Shops:
D:7 :

Annotations:
D:7 !


Message History

* * * LOW HITPOINT WARNING * * *
You are poisoned.
The green ugly thing poisons you! The small abomination hits you!
* * * LOW HITPOINT WARNING * * *
The small abomination hits you!
* * * LOW HITPOINT WARNING * * *
You closely miss the green ugly thing. You slash the green ugly thing!
You hit the brown ugly thing. You barely miss the small abomination.
You closely miss the small abomination. You slash the small abomination!
You barely miss the green ugly thing.
You feel sick.
The brown ugly thing closely misses you.
The small abomination hits you.
* * * LOW HITPOINT WARNING * * *
The green ugly thing engulfs you.
* * * LOW HITPOINT WARNING * * *
You are lethally poisoned!
The green ugly thing poisons you!
The green ugly thing closely misses you.
The small abomination misses you. The small abomination hits you!!
You die...

##...######.## #..## #.#
#.#.# #.# #...# #.# #.#.#
#.# #.#.# #.#
#.#)######.########.#.# #.#
#.#)[......##.......#.# #.#
#.#..####..#..###...#.###.#
#.#.## ##.#.##x#©..#.....#
##...# #...#xu###.#.#####
.....# ##.##x@ux#....#######
####.## ###xxuu##..........#
#..### ...xx###.......###.#
##...##.$$$.##...)......##.#
###..#.}_).#...........##.#
##...##.))).##..........##.#
#..###%.... ###.......###.#
#.## ..### ##......# #.# #.#
##.## #....#.# #.#


You could see 4 ugly things, an unseen horror (invisible) and 7 small
abominations.

Vanquished Creatures
  A two-headed ogre (D:8)
  The ghost of pash1 the Cleaver, a novice HOFi of Hepliaklqana (D:8)
  Pikel (D:8)
  A centaur zombie (D:8)
  Psyche (D:8)
  A troll (D:8)
  A hippogriff (D:7)
  6 yaks (D:5)
  A spriggan (D:7)
  The ghost of mmk665 the Chopper, an amateur MiBe of Trog (D:4)
  A water moccasin (D:8)
  Duvessa (D:5)
  An orc warrior (D:8)
  2 ice beasts (D:8)
  2 sky beasts (D:8)
  2 phantoms (D:8)
  A hornet zombie (D:8)
  3 ogres
  4 centaurs
  A crocodile (D:7)
  3 bullfrogs (D:8)
  Dowan (D:5)
  2 scorpions (D:5)
  5 killer bees (D:8)
  5 wights (D:7)
  A howler monkey (D:7)
  2 crimson imps
  3 jellies
  3 bullfrog skeletons
  2 hounds
  2 orc priests
  4 orc wizards
  Ijyb (D:5)
  Jessica (D:2)
  2 centaur skeletons
  An iguana (D:8)
  9 worker ants
  13 mummies (Ossuary)
  A worker ant zombie (D:7)
  8 adders
  4 gnolls (D:6)
  A shadow imp (D:5)
  3 oozes
  An adder skeleton (D:4)
  4 worms
  A dart slug (D:1)
  9 leopard geckos
  21 orcs
  7 ball pythons
  7 bats
  8 giant cockroaches
  5 goblins
  12 hobgoblins
  11 jackals
  4 quokkas
  9 frilled lizards
  A gnoll skeleton (Ossuary)
  A goblin skeleton (Ossuary)
  17 kobolds
  A kobold skeleton (Ossuary)
  A leopard gecko zombie (D:6)
  4 orc skeletons (Ossuary)
  10 rats
  11 rat skeletons (Ossuary)
255 creatures vanquished.

Vanquished Creatures (collateral kills)
  A two-headed ogre (D:8)
  The ghost of siprus the Schismatic, a novice DsAK of Lugonu (D:6)
  A gnoll (D:8)
  A jackal (D:6)
4 creatures vanquished.

Vanquished Creatures (others)
  3 slaves (D:8)
  A shadow imp (D:8)
  A goblin (D:1)
  A goblin skeleton (Ossuary)
6 creatures vanquished.

Grand Total: 265 creatures vanquished

Notes
Turn   | Place    | Note
-------+----------+-------------------------------------------
     0 | D:1      | Kosschaser the Hill Orc Berserker began the quest for the Orb.
     0 | D:1      | Reached XP level 1. HP: 19/19 MP: 1/1
    51 | D:1      | Reached XP level 2. HP: 9/27 MP: 2/2
   795 | D:1      | Reached XP level 3. HP: 27/33 MP: 3/3
  1141 | D:2      | Reached skill level 5 in Axes
  1407 | D:2      | Reached ** piety under Trog
  1413 | D:2      | Noticed Jessica
  1418 | D:2      | Killed Jessica
  1418 | D:2      | Reached XP level 4. HP: 25/41 MP: 4/4
  1524 | D:2      | Found a shimmering altar of Xom.
  1780 | D:2      | Reached skill level 6 in Axes
  1937 | D:3      | Reached XP level 5. HP: 31/47 MP: 3/5
  2365 | D:3      | Found a white marble altar of Elyvilon.
  2433 | D:3      | Found a burning altar of Makhleb.
  2454 | D:3      | Reached *** piety under Trog
  2781 | D:4      | Noticed mmk665's ghost (amateur MiBe)
  2983 | D:4      | Found a glowing drain.
  3005 | Sewer    | Entered a sewer
  3648 | Sewer    | Reached skill level 5 in Fighting
  3648 | Sewer    | Reached XP level 6. HP: 42/56 MP: 4/6
  3981 | D:4      | Reached skill level 7 in Axes
  4491 | D:4      | Reached XP level 7. HP: 23/61 MP: 2/7
  4708 | D:4      | Killed mmk665's ghost
  4708 | D:4      | Reached skill level 8 in Axes
  4934 | D:5      | Entered Level 5 of the Dungeon
  4937 | D:5      | Noticed Duvessa
  4939 | D:5      | Noticed Dowan
  4965 | D:5      | Killed Duvessa
  4967 | D:5      | Reached skill level 9 in Axes
  4973 | D:5      | Killed Dowan
  4973 | D:5      | Reached **** piety under Trog
  5248 | D:5      | Found a sparkling altar of Nemelex Xobeh.
  5309 | D:5      | Found an iron altar of Okawaru.
  5396 | D:5      | Reached XP level 8. HP: 71/71 MP: 8/8
  5783 | D:5      | Got a diamond-encrusted chain mail
  5802 | D:5      | Identified the cursed +0 chain mail of Saroug {rElec MR+ MP+9 Stlth-} (You found it on level 5 of the Dungeon)
  5842 | D:5      | Found a hazy altar of Hepliaklqana.
  5843 | D:5      | Found an iron altar of Okawaru.
  5843 | D:5      | Found an ancient bone altar of Kikubaaqudgha.
  5845 | D:5      | Found a blossoming altar of Fedhas.
  5846 | D:5      | Found a stormy altar of Qazlal.
  5848 | D:5      | Found a shattered altar of Ashenzari.
  6016 | D:5      | Noticed a yak
  6016 | D:5      | Noticed a yak
  6016 | D:5      | Noticed a yak
  6016 | D:5      | Noticed a yak
  6016 | D:5      | Noticed a yak
  6017 | D:5      | Noticed a yak
  6024 | D:5      | Killed a yak
  6024 | D:5      | Reached skill level 10 in Axes
  6032 | D:5      | Killed a yak
  6036 | D:5      | Killed a yak
  6044 | D:5      | Killed a yak
  6044 | D:5      | Reached skill level 11 in Axes
  6049 | D:5      | Killed a yak
  6049 | D:5      | Reached XP level 9. HP: 71/79 MP: 9/9
  6295 | D:5      | Noticed Ijyb
  6312 | D:5      | Killed Ijyb
  6535 | D:6      | Noticed siprus's ghost (novice DsAK)
  6545 | D:6      | Killed siprus's ghost
  6545 | D:6      | Reached skill level 12 in Axes
  6545 | D:6      | Reached skill level 5 in Armour
  6561 | D:6      | Found a staircase to the Ecumenical Temple.
  6717 | D:6      | Found a sand-covered staircase.
  6726 | Ossuary  | Entered an ossuary
  7020 | Ossuary  | Reached ***** piety under Trog
  7608 | D:7      | Found Soniunka's Book Shoppe.
  7656 | D:7      | Reached skill level 13 in Axes
  7787 | D:7      | Found a sacrificial altar of Ru.
  8028 | D:7      | Reached XP level 10. HP: 67/90 MP: 10/10
  8062 | D:7      | Found a transporter.
  8078 | D:7      | Found a corrupted altar of Lugonu.
  8080 | D:7      | Noticed a green ugly thing
  8303 | D:7      | Found a shadowy altar of Dithmenos.
  8751 | D:8      | Noticed Psyche
  8775 | D:8      | Killed Psyche
  8900 | D:8      | Noticed Pikel
  8914 | D:8      | Killed Pikel
  8914 | D:8      | Reached skill level 14 in Axes
  9520 | D:8      | Noticed a two-headed ogre
  9544 | D:8      | Killed a two-headed ogre
  9828 | D:8      | Noticed pash1's ghost (novice HOFi)
  9832 | D:8      | Reached skill level 15 in Axes
  9843 | D:8      | Killed pash1's ghost
  9843 | D:8      | Reached XP level 11. HP: 99/99 MP: 11/11
  9912 | D:8      | Noticed a two-headed ogre
  9929 | D:8      | Killed a two-headed ogre
  9929 | D:8      | Reached skill level 10 in Fighting
 10545 | D:8      | Received a gift from Trog
 10718 | D:7      | Noticed an unseen horror
 10718 | D:7      | Noticed a green ugly thing
 10719 | D:7      | Noticed a brown ugly thing
 10722 | D:7      | Noticed a brown ugly thing
 10732 | D:7      | HP: 6/150 [small abomination (3)]
 10732 | D:7      | Demolished by a small abomination

Skill      XL: |  1  2  3  4  5  6  7  8  9 10 11 |
---------------+----------------------------------+-----
Fighting       | 4 5 6 7 8 9 10 | 10.2
Axes           | 5 6 7 9 11 13 15 | 15.6
Dodging        | 2 3 4 |  4.4
Armour         | 3 5 7 8 |  8.2

Action                   |  1- 3 |  4- 6 |  7- 9 | 10-12 || total
-------------------------+-------+-------+-------+-------++-------
Melee: Hand axe          |    92 |   312 |       |       ||   404
       War axe           |       |    11 |   340 |   265 ||   616
       Battleaxe         |       |       |       |     1 ||     1
Invok: Berserk           |       |     3 |     5 |     4 ||    12
       Burn Spellbooks   |       |     1 |       |       ||     1
       Trog's Hand       |       |     1 |     2 |     3 ||     6
       Brothers in Arms  |       |       |     1 |     2 ||     3
  Use: Scroll            |       |     6 |     5 |     4 ||    15
  Eat: Chunk             |     1 |    14 |    13 |    12 ||    40
       Royal jelly       |       |       |     2 |       ||     2
       Fruit             |       |       |       |     1 ||     1
Armor: Animal skin       |    14 |     2 |       |       ||    16
       Robe              |       |    45 |     6 |       ||    51
       Chain mail        |       |       |    91 |    78 ||   169
       Ring mail         |       |       |     3 |       ||     3
       Troll leather arm |       |       |       |     6 ||     6
Dodge: Dodged            |    69 |   225 |   128 |   137 ||   559
